[Event "Allsvenskan Div II 5 2023/2024: SS Manhem III - Lidkopings SS"]
[Site "Goteborgs schackcentrum, Vegatan 20, Gothenburg, Sweden"]
[Date "2023.10.22"]
[Round "1.1"]
[White "Fransson, Peter"]
[Black "Andreasson, Vincent"]
[Result "1-0"]
[TimeControl "90 minutes for 40 moves + 30 minutes for the rest of the game + 30 seconds per move from move one."]
[WhiteFideId "1701142"]
[BlackFideId "1721321"]
[WhiteElo "2275"]
[BlackElo "2000"]

1. Nf3 d5 2. g3 Nd7 3. Bg2 e5 4. d3 Ngf6 5. O-O Bd6 6. Nbd2 O-O 7. e4 dxe4 8. Nxe4 Nxe4 9. dxe4 Nf6 10. Qe2 Re8 11. Rd1 Qe7 12.
Ne1 Bc5 13. Nd3 Bg4 14. Bf3 Bxf3 15. Qxf3 Nd7 16. h4 Bb6 17. Bg5 Qe6 18. a4 h6 19. Be3 Nf6 20. a5 Bxe3 21. Qxe3 b6 22.
b3 Qg4 23. Re1 Rad8 24. Kg2 Rd4 25. Nxe5 Qxe4+ 26. Qxe4 Rxe4 27. Rxe4 Nxe4 28. Nc6 Nc3 29. Nxa7 Ra8 30. Nc6 bxa5 31.
Rxa5 Re8 32. Rc5 Ne4 33. Re5 Kf8 34. Kf3 Nd6 35. Rxe8+ Kxe8 36. Ke3 Kd7 37. Nd4 c5 38. Ne2 Ke6 39.
Nf4+ Ke5 40. Nd3+ Kd5 41. c4+ Kc6 42. Kf4 f6 43. h5 Kb6 44. g4 Kc6 45. f3 Kb6 46. Nf2 Ka5 47. Ne4 Nb7 48.
Kf5 Kb4 49. Kg6 Kxb3 50. Kxg7 Kxc4 51.
Kxh6 Kd4 52. Kg6 c4 53. h6 1-0

[Event "Allsvenskan Div II 5 2023/2024: SS Manhem III - Lidkopings SS"]
[Site "Goteborgs schackcentrum, Vegatan 20, Gothenburg, Sweden"]
[Date "2023.10.22"]
[Round "1.2"]
[White "Almemo, Fredrik"]
[Black "Al Waeli, Laith"]
[Result "0-1"]
[TimeControl "90 minutes for 40 moves + 30 minutes for the rest of the game + 30 seconds per move from move one."]
[BlackTitle "FM"]
[WhiteFideId "1721186"]
[BlackFideId "4801059"]
[WhiteElo "1841"]
[BlackElo "2061"]

1. d4 Nf6 2. Nf3 g6 3. g3 Bg7 4. Bg2 O-O 5. c4 d6 6. Nc3 Nbd7 7. O-O e5 8. dxe5 dxe5 9. Bg5 h6 10.
Bd2 e4 11. Ne1 Re8 12. Qc2 Qe7 13. Rd1 Nc5 14. Qc1 Kh7 15. Nc2 a5 16. Bf4 g5 17. Be3 c6 18. Bd4 Bf5 19. Ne3 Bg6 20. b3 Rad8 21. Rd2 Nd3 22.
exd3 Rxd4 23. dxe4 Nxe4 24. Nxe4 Bxe4 25. Rfd1 Rxd2 26. Qxd2 Bg6 27. Qxa5 Be5 28. Qd2 Bb8 29. Qd7 Ba7 30.
Ng4 Qxd7 31. Rxd7 Re1+ 32. Bf1 h5 33. Ne3 Kg7 34. Kg2 Be4+ 35. Kg1 Rxe3 36. fxe3 Bxe3# 0-1

[Event "Allsvenskan Div II 5 2023/2024: SS Manhem III - Lidkopings SS"]
[Site "Goteborgs schackcentrum, Vegatan 20, Gothenburg, Sweden"]
[Date "2023.10.22"]
[Round "1.3"]
[White "Bergenwall, Henric"]
[Black "Recktenwald, Christian"]
[Result "1/2-1/2"]
[TimeControl "90 minutes for 40 moves + 30 minutes for the rest of the game + 30 seconds per move from move one."]
[WhiteFideId "1747924"]
[BlackFideId "1728709"]
[WhiteElo "1966"]
[BlackElo "1809"]

1. e4 c5 2. Nf3 Nc6 3. Bb5 g6 4. O-O Bg7 5. Re1 Nf6 6. e5 Nd5 7. c3 O-O 8. d4 cxd4 9. cxd4 Nc7 10.
Ba4 b5 11. Bb3 d6 12. Qc2 Bb7 13. Bf4 Rc8 14. Qe2 Na5 15. Nbd2 d5 16. h4 Nc4 17. Nf1 Ne6 18. Bc1 Qb6 19.
Rd1 Rc7 20. h5 Rfc8 21. hxg6 hxg6 22. Be3 b4 23. Ng5 Ba6 24. Nxe6 Qxe6 25. Qf3 Bb7 26. Bc1 Na5 27. Ng3 Nc4 28.
Ne2 Qb6 29. Nf4 e6 30. Nh3 Qb5 31. Ng5 a5 32. Qh3 a4 33. Bxc4 dxc4 34. Nh7 Qd5 35. Ng5 c3 36. bxc3 Rxc3 37.
Nf3 Rc2 38. Bg5 b3 39. axb3 axb3 40. Ne1 Ra2 41. Rab1 Rcc2 42. Be3 Re2 43. Qg4 Ba6 44. Nd3 Bxd3 45. Rxd3 Reb2 46. Rc1 Rc2 47.
Rc3 Rxc1+ 48. Bxc1 Qb7 49. Qh4 b2 50. Qd8+ Kh7 51. Qh4+ Kg8 52. Qd8+ Kh7 53. Qh4+ Kg8 1/2-1/2

[Event "Allsvenskan Div II 5 2023/2024: SS Manhem III - Lidkopings SS"]
[Site "Goteborgs schackcentrum, Vegatan 20, Gothenburg, Sweden"]
[Date "2023.10.22"]
[Round "1.4"]
[White "Ahlqvist, Jonas"]
[Black "Nyberg, Arne"]
[Result "1/2-1/2"]
[TimeControl "90 minutes for 40 moves + 30 minutes for the rest of the game + 30 seconds per move from move one."]
[WhiteFideId "1721330"]
[BlackFideId "1731815"]
[WhiteElo "1788"]
[BlackElo "1890"]

1. e4 e6 2. d4 d5 3. exd5 exd5 4. c4 Nf6 5. Nc3 c6 6. Nf3 Be7 7. Bd3 O-O 8. O-O Bg4 9. c5 Re8 10. h3 Bxf3 11. Qxf3 Nbd7 12. Bf4 b6 13. b4 a5 14. a3 axb4 15.
axb4 bxc5 16. bxc5 Nf8 17. Ne2 Ne4 18. Bxe4 dxe4 19. Qxe4 Bxc5 20. Qxc6 Rxa1 21. Rxa1 Bxd4 22. Nxd4 Qxd4 23.
Qxe8 Qxa1+ 24. Kh2 Qd4 25. Qb8 f5 26. Bd6 Qf6 27. Kg3 h6 28. f4 Qg6+ 29. Kf3 Qf7 30. g4 g6 31. Kg3 fxg4 32.
hxg4 Kg7 33. Qxf8+ Qxf8 34. Bxf8+ Kxf8 35. f5 gxf5 36. gxf5 Kf7 37. Kg4 Kf6 38. Kh5 Kxf5 39. Kxh6 Ke5 1/2-1/2

[Event "Allsvenskan Div II 5 2023/2024: SS Manhem III - Lidkopings SS"]
[Site "Goteborgs schackcentrum, Vegatan 20, Gothenburg, Sweden"]
[Date "2023.10.22"]
[Round "1.5"]
[White "Koski, Viljo"]
[Black "Eldh, Hjalmar"]
[Result "0-1"]
[TimeControl "90 minutes for 40 moves + 30 minutes for the rest of the game + 30 seconds per move from move one."]
[WhiteFideId "1717553"]
[BlackFideId "1767968"]
[WhiteElo "1865"]
[BlackElo "1758"]

1. d4 Nf6 2. c4 g6 3. Nf3 Bg7 4. Nc3 d5 5. h3 c5 6. Bf4 O-O 7. e3 Nc6 8. Be2 cxd4 9. Nxd4 Nxd4 10.
Qxd4 Qa5 11. O-O Be6 12. b4 Qxb4 13. Rab1 Qa5 14. Rb5 Qd8 15. cxd5 Nxd5 16. Be5 Nxc3 17. Qxc3 Bxe5 18. Qxe5 b6 19. Rd1 Qb8 20. Qb2 Rd8 21.
Rc1 Qd6 22. Rd1 Qc6 23. Rc1 Qe8 24. Rb4 Rac8 25. Ba6 Rxc1+ 26. Qxc1 Bxa2 27. Bb5 Qf8 28. Qa1 Rd2 29. Rd4 Rxd4 30.
exd4 Bb3 31. Qxa7 Qd8 32. Qa3 Qd5 33. Qb4 Bc2 34. Be2 Qa5 35. Qxe7 Qe1+ 36. Kh2 Qxf2 37. Qe8+ Kg7 38. Qe5+ Qf6 39.
Qc7 Be4 40. Qe5 Qxe5+ 41. dxe5 g5 42. Bc4 Bc6 43. g4 Ba4 44. Bd3 b5 45. Kg3 b4 46. Kf2 h5 47. gxh5 Kh6 48. Kg3 b3 49.
h4 gxh4+ 50. Kxh4 b2 51. Kg3 Bd1 52. Kf4 Bxh5 53. Bb1 Bg6 54. Ba2 b1=Q 55. Bxb1 Bxb1 56. e6 fxe6 57. Ke5 Ba2 58.
Kf6 Kh5 59. Ke5 Kg5 60. Ke4 Kf6 61. Kf4 e5+ 62. Ke4 Bb1+ 63. Ke3 Kf5 64. Kf3 Bc2 65. Ke3 e4 66. Ke2 Kf4 67. Kf2 e3+ 68.
Ke2 Ke4 69. Kf1 Kd3 0-1

[Event "Allsvenskan Div II 5 2023/2024: SS Manhem III - Lidkopings SS"]
[Site "Goteborgs schackcentrum, Vegatan 20, Gothenburg, Sweden"]
[Date "2023.10.22"]
[Round "1.6"]
[White "Gallardo, Guillermo"]
[Black "Stolt, Hans-Olof"]
[Result "1/2-1/2"]
[TimeControl "90 minutes for 40 moves + 30 minutes for the rest of the game + 30 seconds per move from move one."]
[WhiteFideId "1773488"]
[BlackFideId "1720368"]
[WhiteElo "1622"]
[BlackElo "1858"]

1. Nf3 d6 2. d4 Nf6 3. g3 g6 4. Bg2 Bg7 5. O-O O-O 6. c4 Nbd7 7. Nc3 c6 8. Qc2 Qc7 9. e4 e5 10.
b3 exd4 11. Nxd4 a5 12. Rd1 Rd8 13. Bb2 Ne8 14. Rac1 Nc5 15. Nce2 Qe7 16. Re1 Nc7 17. Rcd1 N7e6 18. f4 Nxd4 19.
Bxd4 Bxd4+ 20. Nxd4 Bg4 21. Bf3 Bxf3 22. Nxf3 f6 1/2-1/2

[Event "Allsvenskan Div II 5 2023/2024: SS Manhem III - Lidkopings SS"]
[Site "Goteborgs schackcentrum, Vegatan 20, Gothenburg, Sweden"]
[Date "2023.10.22"]
[Round "1.7"]
[White "Beslagic, Smail"]
[Black "Hassinge, Ove"]
[Result "1-0"]
[TimeControl "90 minutes for 40 moves + 30 minutes for the rest of the game + 30 seconds per move from move one."]
[WhiteFideId "1734792"]
[BlackFideId "1774530"]
[WhiteElo "1842"]
[BlackElo "1559"]

1. d4 Nf6 2. Bf4 d5 3. e3 c5 4. c3 Qb6 5. Qb3 c4 6. Qxb6 axb6 7. Na3 Bd7 8. Nf3 e6 9. Nc2 Be7 10.
Be2 O-O 11. O-O Nc6 12. Nd2 b5 13. a3 Ne4 14. Nxe4 dxe4 15. f3 f5 16. fxe4 fxe4 17. Bg3 Na5 18. Bg4 Nb3 19. Rad1 Rad8 20.
Rxf8+ Bxf8 21. Kf2 Bc8 22. Ke2 Bd6 23. Bxd6 Rxd6 24. g3 Kf7 25. Na1 Na5 26. Rf1+ Ke7 27. Rf4 Bd7 28. Rxe4 Bc6 29.
Re5 b6 30. Bf3 Bxf3+ 31. Kxf3 Rd5 32. Rxd5 exd5 33. e4 dxe4+ 34. Kxe4 Ke6 35. Nc2 Nb7 36. g4 g5 37. Ne3 Nd6+ 38.
Kf3 h6 39. Nf1 Kd5 40. Ng3 Ke6 41. Ke3 Kd5 42. h3 Ke6 43. Ne4 Nc8 44. Kf3 Ne7 45. Ng3 Kd5 46. Nh5 Ng6 47. Ke3 Nf8 48.
Ng3 Ng6 49. Ne2 Ne7 50. Kf3 Ng6 51. Ke3 Ne7 52. Ng3 Ng6 53. Nh5 Ne7 54. Ng3 Ng6 55. Nh1 Nf4 56. Nf2 Ng6 57. Kf3 Nh4+ 58.
Kg3 Ng6 59. Kf3 Nh4+ 60. Ke3 Ng2+ 61. Kd2 Nf4 62. Kc2 Ke6 63. b3 Kd5 64. bxc4+ bxc4 65. a4 Ne2 66. Kd2 Nf4 67. Ke3 Ng2+ 68.
Kf3 Nh4+ 69. Ke2 Ng6 70. Ke3 Nf4 71. Kf3 Ng6 72. Kg3 Nf4 73. Kf3 Ng6 74. Nd1 Nh4+ 75. Ke2 Ng2 76. Ne3+ 1-0

[Event "Allsvenskan Div II 5 2023/2024: SS Manhem III - Lidkopings SS"]
[Site "Goteborgs schackcentrum, Vegatan 20, Gothenburg, Sweden"]
[Date "2023.10.22"]
[Round "1.8"]
[White "Lundkvist, Jan"]
[Black "Jonsson, Mose"]
[Result "0-1"]
[TimeControl "90 minutes for 40 moves + 30 minutes for the rest of the game + 30 seconds per move from move one."]
[WhiteFideId "1745476"]
[BlackFideId "1756885"]
[WhiteElo "1419"]
[BlackElo "1819"]

1. d4 d5 2. Bf4 Nf6 3. e3 Bf5 4. c4 c6 5. Nd2 e6 6. Ngf3 Nbd7 7. Be2 Be7 8. h3 Ne4 9. O-O Ndf6 10.
Qb3 Qb6 11. Qxb6 axb6 12. Bc7 Bd8 13. Bxd8 Kxd8 14. Nxe4 Bxe4 15. Nd2 Bg6 16. Rfc1 Kc7 17. Kf1 Ra7 18. a3 Rc8 19. f3 dxc4 20.
Nxc4 Nd5 21. Kf2 Raa8 22. g3 b5 23. Ne5 Kd6 24. e4 Nb6 25. Ke3 f6 26. Nxg6 hxg6 27. Bd3 g5 28. f4 Rh8 29.
Bf1 gxf4+ 30. Kxf4 Ra4 31. b4 g5+ 32. Kf3 Rha8 33. Rc3 f5 34. Be2 fxe4+ 35. Kxe4 Nd5 36. Rf3 Nxb4 37. Bd1 R4a5 38.
h4 gxh4 39. gxh4 Rh8 40. Rh3 Nd5 41. h5 b4 42. Bb3 Nf6+ 43. Ke3 Rxa3 44. Rb1 Rxh5 45. Rg3 Nd5+ 46. Kf3 Rf5+ 47. Kg2 Nf4+ 48.
Kf2 Nd5+ 49. Kg2 Rf4 50. Rd3 Nc3 51. Rb2 Nb5 52. Re2 Nxd4 53. Rxe6+ Kd7 54. Ree3 Rxb3 0-1